Map: Romanticide LE

Players

uwuThermal (uThermal)

  • Race: Terran Terran
  • Spawn Location: 5:00

Dream - Winner!

  • Race: Terran Terran
  • Spawn Location: 11:00

Event: Cheeseadelphia Winter Championship 2021

VOD

Have the link to the VOD?

Description

Time

  • Played on: Jan. 23, 2021, 3:30 p.m.
  • Length: 5:50

All games in this series

Show
View Real Time Build Order
Export as new Build Order

uwuThermal Terran 

Build Orders:  

Get SALT Encoding   

  12  0:00  SCV  
  13  0:12  SCV  
  14  0:16  Supply Depot  
  14  0:24  SCV  
  15  0:38  SCV  
  15  0:40  Barracks  
  16  0:43  Refinery  
  16  0:50  SCV  
  16  0:52  Refinery  
  17  1:02  SCV  
  18  1:14  SCV  
  19  1:27  Orbital Command, Reaper  
  19  1:28  Supply Depot  
  20  1:42  Factory  
  20  1:53  SCV  
  21  1:59  Reaper  
  22  2:05  SCV  
  23  2:17  SCV  
  24  2:23  Command Center  
  24  2:29  SCV  
  25  2:31  Hellion  
  25  2:34  Barracks Reactor  
  27  2:41  SCV  
  28  2:45  Starport  
  28  2:50  Supply Depot  
  28  2:54  SCV  
  28  2:57  Widow Mine  
  30  3:06  SCV  
  28  3:18  SCV  
  29  3:25  Fusion Core  
  29  3:30  SCV  
  30  3:35  Factory Tech Lab, Starport Tech Lab  
  30  3:37  Refinery  
  30  3:40  Orbital Command  
  30  3:42  SCV  
  31  3:54  SCV  
  32  4:05  SCV  
  32  4:07  SCV  
  34  4:12  Battlecruiser  
  34  4:17  SCV, Marine x2  
  40  4:19  SCV  
  40  4:24  Cyclone  
  47  4:29  SCV  
  47  4:30  Supply Depot  
  48  4:31  SCV  
  49  4:41  SCV  
  49  4:43  SCV, Marine x2  
  46  4:53  SCV  
  46  4:55  SCV  
  46  5:01  Marine x2  
  46  5:05  SCV  
  48  5:07  SCV  
  49  5:18  SCV  
  49  5:20  Supply Depot  
  56  5:25  Marine  
  60  5:29  SCV  
  60  5:30  SCV  
Show
View Real Time Build Order
Export as new Build Order

Dream Terran - Winner!

Build Orders: Cyclone Opening 

Get SALT Encoding   

  12  0:00  SCV  
  13  0:12  SCV  
  14  0:17  Supply Depot  
  14  0:24  SCV  
  15  0:38  SCV  
  15  0:40  Barracks  
  16  0:43  Refinery  
  16  0:50  SCV  
  16  0:53  Refinery  
  17  1:03  SCV  
  18  1:15  SCV  
  19  1:27  Orbital Command, Reaper  
  19  1:30  Supply Depot  
  20  1:40  Factory  
  20  1:53  SCV  
  21  1:59  Reaper  
  22  2:05  SCV  
  23  2:17  Command Center  
  23  2:20  SCV  
  24  2:26  Factory Tech Lab  
  24  2:32  SCV  
  25  2:38  Starport  
  25  2:44  SCV  
  25  2:47  Supply Depot  
  27  2:52  Cyclone  
  27  2:56  SCV  
  31  3:00  Barracks Tech Lab  
  30  3:08  SCV  
  29  3:20  SCV  
  29  3:22  Banshee  
  29  3:25  Refinery  
  29  3:26  Marine  
  36  3:30  Orbital Command  
  36  3:33  SCV  
  37  3:40  Cyclone  
  38  3:41  Supply Depot  
  38  3:45  SCV  
  38  3:47  Barracks Reactor  
  39  3:56  SCV  
  39  3:57  SCV  
  41  4:05  Viking  
  41  4:08  SCV  
  45  4:10  SCV  
  45  4:14  Siege Tank  
  48  4:20  SCV  
  48  4:22  SCV  
  50  4:29  Supply Depot  
  50  4:30  Marine x2  
  52  4:32  SCV  
  52  4:34  SCV  
  52  4:35  Raven  
  56  4:45  SCV  
  57  4:46  SCV  
  57  4:48  Marine  
  57  4:49  Marine  
  57  4:51  Siege Tank  
  63  4:57  SCV  
  63  4:58  SCV  
  62  5:09  SCV  
  62  5:10  Command Center, SCV  
  62  5:12  Supply Depot  
  62  5:13  Barracks  
  64  5:17  Barracks  
  64  5:21  SCV  
  65  5:22  SCV  
  65  5:26  Marine  
  63  5:30  Starport  
  63  5:33  SCV  
Tags
 
Add a new tag
Caveats
  • Supply blocks, unpowered buildings, or Contaminate may cause inaccurate times.
  • Supply counts are checked every 10 seconds.